 Dungeon Crawl Stone Soup version 0.25.1-2-g60ff931df9 (webtiles) character file.

Game seed: 15882244574295312043

42 Ivernyr the Chiller (level 3, 0/18 HPs)
             Began as a Vine Stalker Ice Elementalist on Oct 19, 2020.
             Slain by a quokka (2 damage)
             ... on level 2 of the Dungeon.
             The game lasted 00:04:09 (1801 turns).

Ivernyr the Chiller (Vine Stalker Ice Elementalist) Turns: 1801, Time: 00:04:10

Health: 0/18       AC:  2    Str: 10    XL:     3   Next: 56%
Magic:  0/7        EV: 12    Int: 16    God:
Gold:   8          SH:  0    Dex: 14    Spells: 0/7 levels left

rFire    x . .     SeeInvis .   d - +0 whip
rCold    + . .     Gourm    .   (no shield)
rNeg     . . .     Faith    .   a - +0 robe
rPois    .         Spirit   +   (no helmet)
rElec    .         Reflect  .   (no cloak)
rCorr    .         Harm     .   (no gloves)
MR       .....                  (no boots)
Stlth    ++........             (no amulet)
HPRegen  0.06/turn              j - ring of ice
MPRegen  0.10/turn              (no ring)

@: no status effects
A: fangs 2, magic shield, antimagic bite, no potion heal 3, rot immunity
a: no special abilities


You were on level 2 of the Dungeon.
You were not hungry.

You visited 1 branch of the dungeon, and saw 2 of its levels.

You collected 8 gold pieces.

Inventory:

Hand Weapons
 d - a +0 whip (weapon)
Armour
 a - a +0 robe (worn)
Jewellery
 j - a ring of ice (left hand)
Scrolls
 e - 2 scrolls of immolation {unknown}
 f - a scroll of remove curse {unknown}
 g - a scroll of enchant weapon {unknown}
 k - 2 scrolls of identify {unknown}
 l - a scroll of fear {unknown}
 m - a scroll of enchant armour {unknown}
Potions
 b - a potion of might {unknown}
 h - a potion of heal wounds {unknown}
 i - a potion of lignification {unknown}
Comestibles
 c - 3 rations
 n - 6 chunks of flesh


   Skills:
 + Level 1.0 Fighting
 + Level 2.0 Dodging
 - Level 2.4 Stealth
 + Level 2.6 Spellcasting
 * Level 4.5 Ice Magic


You couldn't memorise any spells.
You knew the following spells:

 Your Spells              Type           Power        Failure   Level  Hunger
a - Freeze                Ice            ###.         3%          1    #......
b - Frozen Ramparts       Ice            ###...       9%          3    ###....
c - Ozocubu's Armour      Chrm/Ice       ##......     24%         3    ###....

Your spell library contained the following spells:

 Spells                   Type           Power        Failure   Level  Hunger
 Hailstorm                Conj/Ice       ##......     61%         4    #####..
 Summon Ice Beast         Ice/Summ       ##......     61%         4    #####..


Dungeon Overview and Level Annotations

Branches:
Dungeon (2/15)

Altars:


Innate Abilities, Weirdness & Mutations

You have extremely sharp teeth.
When hurt, damage is shared between your health and your magic reserves.
Your bite disrupts and absorbs the magic of your enemies.
Potions cannot restore your health.
You are immune to rotting.


Message History

Press: ? - help, Shift-Dir - straight line, f - quokka
Aim: a quokka You feel a surge of power!
You freeze the quokka.
The quokka is almost dead.
The quokka bites you.
* * * LOW HITPOINT WARNING * * *
You miss the quokka.
The quokka is almost dead.
The quokka closely misses you.
The quokka bites you but does no damage.
Unknown command.
You closely miss the quokka.
The quokka is almost dead.
The quokka closely misses you.
You closely miss the quokka.
The quokka is almost dead.
The quokka bites you.
* * * LOW HITPOINT WARNING * * *
The quokka bites you.
You die...

#.?.# .... #.#.# ....
#...## ..#
.######...#######..#
............รท......####
######<..#####........
.............##.#$#####
.####....<##.##r#.#
#...!.##.##@#.#
#..............#
#...##?##.##.### #...
..## #.# #.#. .. ...
#####


You could see a quokka.

Vanquished Creatures
  A worm (D:2)
  2 dart slugs (D:1)
  4 leopard geckos (D:1)
  A giant cockroach (D:1)
  4 goblins (D:1)
  5 hobgoblins
  6 kobolds (D:1)
  4 bats (D:1)
  A frilled lizard (D:1)
  A rat (D:1)
29 creatures vanquished.

Vanquished Creatures (others)
  A plant (D:1)
1 creature vanquished.

Grand Total: 30 creatures vanquished

Notes
Turn   | Place    | Note
-------+----------+-------------------------------------------
     0 | D:1      | Ivernyr the Vine Stalker Ice Elementalist began the quest
                  | for the Orb.
     0 | D:1      | Reached XP level 1. HP: 9/9 MP: 4/4
   327 | D:1      | Reached XP level 2. HP: 13/14 MP: 3/6
  1160 | D:1      | Reached XP level 3. HP: 17/17 MP: 4/7
  1683 | D:1      | Learned a level 3 spell: Frozen Ramparts
  1687 | D:1      | Learned a level 3 spell: Ozocubu's Armour
  1779 | D:2      | Reached skill level 1 in Fighting
  1801 | D:2      | Slain by a quokka

Illustrated notes

Levels and vault maps discovered:
D:1:      dpeg_arrival_chambers_temple_mockup, layout_loops_ring,
          lexackson_kobold_supper
D:2:      layout_loops_ring

Skill      XL: |  1  2  3 |
---------------+----------+-----
Dodging        | 2 |  2.0
Fighting       | 1 |  1.0
Stealth        | |  2.4
Spellcasting   | |  2.6
Ice Magic      | |  4.5

Action                   || total
-------------------------++-------
Melee: Whip              ||    47
       Bite              ||     6
 Cast: Freeze            ||    34
 Stab: Sleeping          ||     1
  Eat: Chunk             ||     3
Armor: Robe              ||    14
Dodge: Dodged            ||    37
